 Dungeon Crawl Stone Soup version 0.30-a0-728-gc68057be0a (webtiles) character file.

Game seed: 12100736771319827820

91 iguanaiguana the Trooper (level 5, -1/46 HPs)
             Began as a Meteoran Delver on Jan 31, 2023.
             Succumbed to a gnoll's poison
             ... on level 3 of the Dungeon.
             The game lasted 00:05:49 (978 turns).

iguanaiguana the Trooper (Meteoran Delver)           Turns: 978, Time: 00:05:50

Health: -1/46      AC:  3    Str:  9 (11) XL:     5   Next: 12%
Magic:  6/6        EV: 17    Int: 10 (12) God:
Gold:   76         SH:  0    Dex: 16 (17) Spells: 4/4 levels left

rFire   + . .      SeeInvis +    a - +1 dagger (venom)
rCold   . . .      Faith    .    (no shield)
rNeg    . . .      Spirit   .    d - +0 leather armour
rPois   .          Reflect  .    (no helmet)
rElec   .          Harm     .    (no cloak)
rCorr   .          Rampage  .    (no gloves)
Will    .....                    (no boots)
Stlth   +                        (no amulet)
HPRegen 0.27/turn                f - +5 ring of evasion
MPRegen 0.10/turn                (no ring)

@: mighty, lethally poisoned (-1 -> -26), glowing
A: sense surroundings 1, otherworldly, glowing, explore regen, talons 1, see
invisible, fire resistance 1, weak 1
a: no special abilities


You were on level 3 of the Dungeon.
You visited 1 branch of the dungeon, and saw 6 of its levels.

You collected 76 gold pieces.

Inventory:

Hand Weapons
 a - a +1 dagger of venom (weapon)
 b - a +1 dagger of draining
 o - a +0 mace
Missiles
 p - a throwing net (quivered)
Armour
 d - a +0 leather armour (worn)
Jewellery
 f - a +5 ring of evasion (left hand)
 n - a ring of fire
Wands
 g - a wand of digging (3) {@v3}
Scrolls
 c - 2 scrolls of fog
 i - 2 scrolls of identify {unknown}
 m - a scroll of poison {unknown}
Potions
 j - a potion of degeneration
 l - a potion of haste {@q4}


   Skills:
 - Level 4.0 Fighting
 + Level 3.7 Short Blades
 - Level 2.6 Maces & Flails
 - Level 2.4 Dodging
 - Level 3.7 Stealth


You had 4 spell levels left.
You didn't know any spells.
Your spell library was empty.

Dungeon Overview and Level Annotations

Branches:
Dungeon (6/15) Zot: 2652
 Temple: D:4-7

Altars:


Innate Abilities, Weirdness & Mutations

You passively map a small area around you.
You are easily found by Zot.
You glow in the dark.
You regain HP and MP as you explore.
You have sharp toenails.
You have supernaturally acute eyesight. (SInv)
Your flesh is heat resistant. (rF+)
You are weak. (Str -2)


Message History

You feel very sick.
You see here a +0 whip.
You hit the bat.
The bat is poisoned.
The bat is heavily wounded.
You barely miss the bat.
The bat is heavily wounded.
Press: ? - help, v - describe, . - travel
Here: a gnoll, wielding a +0 whip of venom The floor.
Unknown command.
You closely miss the gnoll.
You kill the bat!
You closely miss the gnoll.
The gnoll hits you with a +0 whip of venom!
You are more poisoned.
An adder comes into view.
You are too injured to fight recklessly!
It was a potion of degeneration.
There was something very wrong with that liquid.
You feel weakened.
You feel dopey.
You feel clumsy.
You feel very sick.
The adder hisses angrily.
The gnoll hits you with a +0 whip of venom.
* * * LOW HITPOINT WARNING * * *
You are lethally poisoned!
It was a potion of might.
You feel very mighty all of a sudden.
* * * LOW HITPOINT WARNING * * *
You feel very sick.
The gnoll hits you with a +0 whip of venom.
* * * LOW HITPOINT WARNING * * *
You are more poisoned.
It was a potion of mutation.
You feel extremely strange.
You feel resistant to heat.
Your toenails lengthen and sharpen.
You feel weaker.
Your vision sharpens.
* * * LOW HITPOINT WARNING * * *
You feel extremely sick.
As you read the scroll of fear, it crumbles to dust.
You assume a fearsome visage.
The adder looks frightened!
The gnoll looks frightened! x2
You die...

* , * * *#.#### ,
* ##....# *#,#, *
# #....# #.#. , .#
#...# #...## ..#
##..## ,..... * ..
* ##...# * #..##o#
* ##..#.#
#.<..######..##.##
,
#...##gg@...###..#
* #....S.######
#..# *#....#...#
#..# ......####.#
#..# ...#.## *.# *
#..# ,,*####.# . *
#... , #.# #.*
#.#.# , .. #.#.# *
#. #.#.#


You could see 2 gnolls and an adder (fleeing).

Vanquished Creatures
  Robin (D:2)
  A gnoll (D:3)
  A worm (D:2)
  A dart slug (D:2)
  An orc (D:4)
  5 bats
  3 endoplasms
  2 giant cockroaches
  7 hobgoblins
  6 jackals (D:2)
  3 quokkas
  3 ball pythons
  A frilled lizard (D:1)
  12 goblins
  5 kobolds
  3 rats
55 creatures vanquished.

Notes
Turn   | Place    | Note
-------+----------+-------------------------------------------
     0 | D:5      | iguanaiguana the Meteoran Delver began the quest for the
                  | Orb.
     0 | D:5      | Reached XP level 1. HP: 19/19 MP: 2/2
    11 | D:5      | Noticed an iguana
   122 | D:4      | Reached XP level 2. HP: 18/27 MP: 3/3
   173 | D:1      | Reached skill level 4 in Fighting
   234 | D:1      | Reached XP level 3. HP: 19/33 MP: 4/4
   258 | D:1      | Reached skill level 1 in Short Blades
   684 | D:2      | Reached XP level 4. HP: 40/40 MP: 5/5
   708 | D:2      | Noticed Robin
   787 | D:2      | Killed Robin
   937 | D:3      | Reached XP level 5. HP: 34/46 MP: 6/6
   977 | D:3      | Gained mutation: Your flesh is heat resistant. (rF+)
                  | [potion of mutation]
   977 | D:3      | Gained mutation: You have sharp toenails. [potion of
                  | mutation]
   977 | D:3      | Gained mutation: You are weak. (Str -2) [potion of
                  | mutation]
   977 | D:3      | Gained mutation: You have supernaturally acute eyesight.
                  | (SInv) [potion of mutation]
   978 | D:3      | Succumbed to a gnoll's poison

Illustrated notes

Levels and vault maps discovered:
D:1:      eino_arrival_cavern_e, layout_loops_cross
D:2:      layout_basic, uniq_robin
D:3:      layout_rooms, minmay_misc_feat_tower
D:4:      layout_loops_ring, elyvilon_altar_1, lemuel_doored_altar,
          serial_shops, shop
D:5:      layout_loops_ring, reono_crystal_passage, nrook_loot_triangle
D:6:      layout_basic, general_overflow_altar, serial_aquarium,
          aquarium_bridge_straight [aquarium_subvault_bridge,
          aquarium_subvault_wall, aquarium_subvault_bridge,
          aquarium_subvault_wall], aquarium_window_fake, aquarium_window_corner,
          aquarium_view_2c, aquarium_balcony_double_2, roderic_serpentine_path,
          columned_hall_lemuel, uniq_blork_the_orc

Skill      XL: |  1  2  3  4 |
---------------+-------------+-----
Fighting       | 4 |  4.0
Short Blades   | 2 3 |  3.7
Maces & Flails | |  2.6
Dodging        | |  2.4
Stealth        | |  3.7

Action                     |  1- 3 |  4- 6 || total
---------------------------+-------+-------++-------
  Melee: Mace              |    29 |       ||    29
         Dagger            |    84 |    79 ||   163
         Punch             |     1 |       ||     1
    Use: Scroll            |     1 |     1 ||     2
         Potion            |     1 |     3 ||     4
 Armour: Leather armour    |    45 |    17 ||    62
  Dodge: Dodged            |    92 |    41 ||   133

Table legend: (Time is in decaauts)
 A = Elapsed time spent in this place.
 B = Non-inter-level travel time spent in this place.
 C = Inter-level travel time spent in this place.
 D = Time resting spent in this place.
 E = Time spent auto-exploring this place.
 F = Levels seen in this place.
 G = Mean time per level.
                   A        B        C        D        E       F      G
               +--------+--------+--------+--------+--------+-----+--------+
         Total |    947 |    883 |     64 |      0 |      0 |   6 |  157.8 |
       Dungeon |    947 |    883 |     64 |      0 |      0 |   6 |  157.8 |
               +--------+--------+--------+--------+--------+-----+--------+

Top non-repeatable levels by time:
     D:1: 380 daAuts
     D:2: 369 daAuts
     D:4: 76 daAuts
     D:3: 69 daAuts
     D:5: 50 daAuts
     D:6: 1 daAuts
